 Dungeon Crawl Stone Soup version 0.30-a0-368-g86fb4627a9 (webtiles) character file.

Game seed: 18264216581427006944

8742 mopl the Cleaver (level 11, 0/81 HPs)
             Began as a Demonspawn Fighter on Nov 18, 2022.
             Was an Elder of Okawaru.
             Slain by a skeletal warrior
             ... wielding a +2 vorpal glaive
              (4 damage)
             ... on level 12 of the Dungeon.
             The game lasted 00:14:00 (10330 turns).

mopl the Cleaver (Demonspawn Fighter)              Turns: 10330, Time: 00:14:02

Health: 0/81       AC: 12    Str: 24    XL:     11   Next: 13%
Magic:  0/16       EV: 16    Int:  8    God:    Okawaru [****..]
Gold:   540        SH:  6    Dex: 12    Spells: 10/10 levels left

rFire   + . .      SeeInvis .    a - +0 broad axe of Brutal Revenge {spect, rC+ rN+ Str+4 Int-3}
rCold   + + .      Faith    .    c - +0 buckler
rNeg    + . .      Spirit   +    b - +0 scale mail
rPois   .          Reflect  .    (helmet restricted)
rElec   .          Harm     .    (no cloak)
rCorr   .          Rampage  .    (no gloves)
Will    .....                    (no boots)
Stlth   +.........               q - amulet of guardian spirit
HPRegen 0.33/turn                r - ring of protection from fire
MPRegen 0.15/turn                (no ring)

@: mighty, agile, heroic
A: antennae 1, icy blue scales 3, ignite blood 2, powered by pain 1
a: Renounce Religion, Heroism, Finesse


You were on level 12 of the Dungeon.
You worshipped Okawaru.
Okawaru was greatly pleased with you.
You visited 2 branches of the dungeon, and saw 13 of its levels.

You collected 778 gold pieces.
You spent 238 gold pieces at shops.

Inventory:

Hand Weapons
 a - the +0 broad axe of Brutal Revenge (weapon) {spect, rC+ rN+ Str+4 Int-3}
   (You found it on level 10 of the Dungeon)

   When its wielder attacks, the weapon's spirit leaps out and strikes again.
   The spirit shares a part of any damage it takes with its wielder.
   Str:       It affects your strength (+4).
   Int:       It affects your intelligence (-3).
   rC:        It protects you from cold.
   rN:        It protects you from negative energy.
Missiles
 e - 20 poisoned darts (quivered)
 f - 5 javelins
 k - a throwing net
 G - 2 curare-tipped darts
 M - 6 boomerangs
 N - 2 boomerangs of dispersal
 Q - 3 atropa-tipped darts
Armour
 b - a +0 scale mail (worn)
 c - a +0 buckler (worn)
 I - a +0 troll leather armour
Magical Staves
 p - a staff of earth
 P - a staff of death
Jewellery
 j - a ring of fire
 q - an amulet of guardian spirit (around neck)
 r - a ring of protection from fire (left hand)
 J - an amulet of reflection
Wands
 B - a wand of roots (2)
 D - a wand of polymorph (12)
 E - a wand of charming (4)
Scrolls
 i - 2 scrolls of summoning
 l - 3 scrolls of brand weapon {unknown}
 n - 3 scrolls of noise {unknown}
 o - 2 scrolls of fear {unknown}
 t - 4 scrolls of enchant armour {unknown}
 u - a scroll of torment {unknown}
 w - 2 scrolls of fog {unknown}
 x - 3 scrolls of blinking {unknown}
 y - 3 scrolls of teleportation {unknown}
 C - 2 scrolls of immolation
 F - 3 scrolls of enchant weapon {unknown}
 K - a scroll of vulnerability
 L - 4 scrolls of identify
Potions
 d - 2 potions of might
 g - a potion of brilliance
 h - a potion of mutation {!q}
 m - 2 potions of curing
 s - 4 potions of lignification {!q}
 v - 2 potions of attraction
 z - a potion of invisibility
 A - a potion of heal wounds
 H - a potion of flight
Miscellaneous
 O - a condenser vane


   Skills:
 + Level 6.0(11.0) Fighting
 * Level 11.9(16.9) Axes
 + Level 4.5(9.5) Throwing
 + Level 5.4(10.4) Armour
 - Level 2.6(7.6) Shields
 + Level 6.9 Invocations
 + Level 4.9 Evocations


You had 10 spell levels left.
You didn't know any spells.
Your spell library contained the following spells:

 Spells                   Type           Power      Damage    Failure   Level
 Blink                    Tloc           0%         N/A       86%         2
 Ensorcelled Hibernation  Hex/Ice        0%         N/A       86%         2
 Momentum Strike          Conj/Tloc      0%         3d8       86%         2
 Sublimation of Blood     Necr           0%         N/A       86%         2
 Lesser Beckoning         Tloc           0%         N/A       98%         3
 Ozocubu's Armour         Ice            0%         N/A       98%         3
 Portal Projectile        Hex/Tloc       0%         N/A       98%         3
 Spider Form              Tmut/Pois      0%         N/A       98%         3
 Anguish                  Hex/Necr       0%         N/A       100%        4
 Leda's Liquefaction      Hex/Erth       0%         N/A       100%        4
 Petrify                  Tmut/Erth      0%         N/A       100%        4
 Blade Hands              Tmut           0%         N/A       100%        5
 Irradiate                Conj/Tmut      0%         3d11      100%        5
 Metabolic Englaciation   Hex/Ice        0%         N/A       100%        5
 Orb of Destruction       Conj           0%         9d5       100%        7
 Call Canine Familiar     Summ           Unusable   N/A       N/A         3
 Summon Guardian Golem    Hex/Summ       Unusable   N/A       N/A         3
 Tukima's Dance           Hex            Unusable   N/A       N/A         3
 Simulacrum               Ice/Necr       Unusable   N/A       N/A         6
 Spellforged Servitor     Conj/Summ      Unusable   N/A       N/A         7

Dungeon Overview and Level Annotations

Branches:
Dungeon (12/15)            Temple (1/1) D:6            Lair (0/5) D:9
    Orc: D:9-12

Altars:
Ashenzari
Cheibriados
Dithmenos
Fedhas
Gozag
Hepliaklqana
Kikubaaqudgha
Okawaru
Qazlal
Ru
Sif Muna
Trog
Uskayaw
Vehumet
Xom

Shops:
D:7 *

Annotations:
D:2 dig


Innate Abilities, Weirdness & Mutations

You have a pair of small antennae on your head.
You are completely covered in icy blue scales. (AC +4, rC+)
Your demonic aura often causes spilled blood to erupt in flames.
You sometimes gain a little power by taking damage.


Message History

You hit the skeletal warrior but do no damage.
Your +0 broad axe of Brutal Revenge {spect, rC+ rN+ Str+4 Int-3} barely misses the skeletal warrior.
The gnoll sergeant shouts!
You hear a shout! x2
The skeletal warrior hits you with a +2 vorpal glaive!
Unknown command.
You closely miss the skeletal warrior.
Your +0 broad axe of Brutal Revenge {spect, rC+ rN+ Str+4 Int-3} hits the skeletal warrior.
Your +0 broad axe of Brutal Revenge {spect, rC+ rN+ Str+4 Int-3} is engulfed in blazing flames. x2
You barely miss the skeletal warrior.
The skeletal warrior is lightly damaged.
Your +0 broad axe of Brutal Revenge {spect, rC+ rN+ Str+4 Int-3} barely misses the skeletal warrior.
Your +0 broad axe of Brutal Revenge {spect, rC+ rN+ Str+4 Int-3} is engulfed in blazing flames. x2
The skeletal warrior hits you with a +2 vorpal glaive!!
* * * LOW HITPOINT WARNING * * *
x2 You barely miss the skeletal warrior.
The skeletal warrior is lightly damaged.
Your +0 broad axe of Brutal Revenge {spect, rC+ rN+ Str+4 Int-3} closely misses the skeletal warrior.
Your +0 broad axe of Brutal Revenge {spect, rC+ rN+ Str+4 Int-3} is engulfed in blazing flames.
The skeletal warrior misses you.
Okay, then.
You hit the skeletal warrior.
The skeletal warrior is lightly damaged.
Your +0 broad axe of Brutal Revenge {spect, rC+ rN+ Str+4 Int-3} hits the skeletal warrior!
Your +0 broad axe of Brutal Revenge {spect, rC+ rN+ Str+4 Int-3} is engulfed in blazing flames. x3
The skeletal warrior hits you with a +2 vorpal glaive!
* * * LOW HITPOINT WARNING * * *
x2 You feel much better.
The skeletal warrior hits you with a +2 vorpal glaive!
* * * LOW HITPOINT WARNING * * *
You focus on the pain.
You feel agile all of a sudden.
* * * LOW HITPOINT WARNING * * *
Unknown command.
You feel very mighty all of a sudden.
A gnoll comes into view. It is wielding a +0 spear.
The skeletal warrior hits you with a +2 vorpal glaive!
* * * LOW HITPOINT WARNING * * *
You focus on the pain.
You feel mightier all of a sudden.
You die...

##### ###...# .#
##.....# .# ###......#
#.# #.....<.## ##..##
#......## ##....##
###..)## #.?....##
..#####.######○°.....#
........)......@z....#
.###########..°......#
###...T..## ##....##
#...#g# #..###.# #.##
... ### .g


You could see a skeletal warrior, a troll, a gnoll sergeant and a gnoll.

Vanquished Creatures
  Erolcha (D:11)
  4 skeletal warriors
  A cyclops (D:11)
  A gargoyle (D:10)
  A kobold demonologist (D:9)
  3 trolls
  A wyvern (D:9)
  A shadow (D:9)
  A vampire (D:11)
  A wraith (D:8)
  2 vampire mosquitoes (D:11)
  Menkaure (D:6)
  A water moccasin (D:7)
  3 ice beasts
  2 black bears
  An ogre (D:4)
  5 centaurs
  2 phantoms
  3 kobold brigands
  5 bullfrogs
  2 necrophages
  A gnoll sergeant (D:9)
  A scorpion (D:5)
  15 killer bees
  2 howler monkeys
  5 hounds
  A jelly (D:5)
  A gnoll bouda (D:7)
  5 orc priests
  3 orc wizards
  3 adders
  19 gnolls
  2 shadow imps
  A white imp (D:5)
  3 worms
  2 dart slugs
  19 orcs
  4 ball pythons
  9 endoplasms
  4 giant cockroaches
  5 goblins
  8 hobgoblins
  3 jackals (D:2)
  15 kobolds
  A quokka (D:4)
  4 bats
  2 frilled lizards (D:2)
  4 rats
184 creatures vanquished.

Vanquished Creatures (others)
  9 plants (D:2)
9 creatures vanquished.

Grand Total: 193 creatures vanquished

Notes
Turn   | Place    | Note
-------+----------+-------------------------------------------
     0 | D:1      | mopl the Demonspawn Fighter began the quest for the Orb.
     0 | D:1      | Reached XP level 1. HP: 18/18 MP: 1/1
    60 | D:1      | Reached skill level 2 in Axes
   256 | D:1      | Gained mutation: You are partially covered in icy blue
                  | scales. (AC +2) [demonic ancestry]
   256 | D:1      | Reached XP level 2. HP: 24/24 MP: 2/2
   471 | D:1      | Reached skill level 3 in Axes
   492 | D:1      | Found a faded altar of an unknown god.
   731 | D:2      | Gained mutation: Your demonic aura sometimes causes spilled
                  | blood to erupt in flames. [demonic ancestry]
   731 | D:2      | Reached XP level 3. HP: 26/29 MP: 3/3
  1345 | D:3      | Reached skill level 4 in Axes
  1345 | D:3      | Reached XP level 4. HP: 21/35 MP: 4/4
  2132 | D:4      | Reached XP level 5. HP: 15/41 MP: 3/5
  2443 | D:4      | Reached skill level 5 in Axes
  2469 | D:4      | Noticed a phantom
  2480 | D:4      | Killed a phantom
  2706 | D:4      | Gained mutation: You have a pair of small antennae on your
                  | head. [demonic ancestry]
  2706 | D:4      | Reached XP level 6. HP: 38/47 MP: 4/6
  2797 | D:4      | Found a sacrificial altar of Ru.
  2826 | D:4      | Reached skill level 6 in Axes
  2963 | D:5      | Entered Level 5 of the Dungeon
  2966 | D:5      | Noticed an ice beast
  2976 | D:5      | Killed an ice beast
  2977 | D:5      | Reached skill level 7 in Axes
  2977 | D:5      | Gained mutation: You are mostly covered in icy blue scales.
                  | (AC +3) [demonic ancestry]
  2977 | D:5      | Reached XP level 7. HP: 5/52 MP: 0/7
  3413 | D:5      | Reached skill level 8 in Axes
  3917 | D:6      | Noticed Menkaure
  3926 | D:6      | HP: 1/52 [Menkaure/nerve-wracking pain (2)]
  3927 | D:6      | Killed Menkaure
  3928 | D:6      | Gained mutation: You sometimes gain a little power by
                  | taking damage. [demonic ancestry]
  3928 | D:6      | Reached XP level 8. HP: 1/58 MP: 1/8
  4143 | D:6      | Reached skill level 9 in Axes
  4223 | D:6      | Found a staircase to the Ecumenical Temple.
  4246 | Temple   | Entered the Ecumenical Temple
  4296 | Temple   | Became a worshipper of Warmaster Okawaru
  4382 | D:6      | Found a radiant altar of Vehumet.
  4693 | D:7      | Reached skill level 10 in Axes
  4693 | D:7      | Reached skill level 1 in Invocations
  4725 | D:7      | Reached skill level 1 in Throwing
  4725 | D:7      | Reached skill level 3 in Armour
  4725 | D:7      | Reached skill level 1 in Evocations
  4735 | D:7      | Reached skill level 2 in Invocations
  4905 | D:7      | Identified the +8 war axe "Tiadd" {holy, rC- Str+4}
  4971 | D:7      | Found Fusm's Assorted Antiques.
  4986 | D:7      | Gained mutation: Your demonic aura often causes spilled
                  | blood to erupt in flames. [demonic ancestry]
  4986 | D:7      | Reached XP level 9. HP: 64/64 MP: 10/10
  4988 | D:7      | Bought a scroll labelled OMAXIF LIKE for 34 gold pieces
  4988 | D:7      | Bought a scroll labelled TIVAT VUCSOUB for 34 gold pieces
  4988 | D:7      | Bought a scroll labelled OMAXIF LIKE for 34 gold pieces
  4988 | D:7      | Bought a shiny fluorescent wand for 136 gold pieces
  5477 | D:8      | Reached * piety under Okawaru
  5621 | D:8      | Reached skill level 2 in Evocations
  5646 | D:7      | HP: 2/65 [killer bee (5)]
  5649 | D:7      | Reached skill level 3 in Invocations
  5824 | D:8      | Reached skill level 2 in Throwing
  6047 | D:7      | Reached skill level 4 in Fighting
  6295 | D:7      | HP: 3/65 [killer bee (3)]
  7118 | D:9      | HP: 3/65 [poisoned by a killer bee]
  7333 | D:9      | Reached skill level 4 in Invocations
  7336 | D:9      | Reached skill level 4 in Armour
  7337 | D:9      | Reached ** piety under Okawaru
  7451 | D:9      | Found a staircase to the Lair.
  7546 | D:9      | Reached skill level 3 in Evocations
  7667 | D:9      | Found a transporter.
  7696 | D:9      | Found a transporter.
  7738 | D:9      | Found a transporter.
  7740 | D:9      | Found a transporter.
  7799 | D:9      | Reached skill level 3 in Throwing
  8086 | D:9      | Noticed a kobold demonologist
  8095 | D:9      | Noticed a rust devil
  8097 | D:9      | Killed a kobold demonologist
  8098 | D:9      | Reached skill level 11 in Axes
  8098 | D:9      | Gained mutation: You are completely covered in icy blue
                  | scales. (AC +4, rC+) [demonic ancestry]
  8098 | D:9      | Reached XP level 10. HP: 64/73 MP: 11/13
  8175 | D:9      | Noticed Erolcha
  8290 | D:10     | Entered Level 10 of the Dungeon
  8302 | D:10     | Reached skill level 5 in Invocations
  8383 | D:10     | Reached skill level 5 in Fighting
  8651 | D:10     | Noticed a gargoyle
  8668 | D:10     | Killed a gargoyle
  8818 | D:10     | Found a shimmering altar of Xom.
  8821 | D:10     | Reached *** piety under Okawaru
  8914 | D:10     | Identified the +0 broad axe of Brutal Revenge {spect, rC+
                  | rN+ Str+4 Int-3}
  9290 | D:11     | Reached skill level 4 in Evocations
  9529 | D:11     | Killed Erolcha
  9556 | D:11     | Noticed a cyclops
  9558 | D:11     | Killed a cyclops
  9559 | D:11     | Reached skill level 4 in Throwing
  9559 | D:11     | Reached skill level 5 in Armour
  9559 | D:11     | Reached skill level 6 in Invocations
  9715 | D:11     | Received a gift from Okawaru
  9965 | D:12     | Noticed a skeletal warrior
  9965 | D:12     | Noticed a skeletal warrior
  9966 | D:12     | Noticed a skeletal warrior
  9996 | D:11     | Killed a skeletal warrior
 10171 | D:11     | Killed a skeletal warrior
 10171 | D:11     | Reached **** piety under Okawaru
 10287 | D:12     | Killed a skeletal warrior
 10288 | D:12     | Reached skill level 6 in Fighting
 10288 | D:12     | Reached XP level 11. HP: 81/81 MP: 12/16
 10294 | D:12     | Noticed a skeletal warrior
 10294 | D:12     | Noticed a skeletal warrior
 10311 | D:12     | Killed a skeletal warrior
 10311 | D:12     | Received a gift from Okawaru
 10330 | D:12     | HP: 4/81 [skeletal warrior/+2 vorpal glaive (10)]
 10330 | D:12     | Slain by a skeletal warrior

Illustrated notes

Levels and vault maps discovered:
D:1:      saegor_arrival_simple_b, layout_loops_cross,
          hellmonk_ecumenical_altar_lost_god, amcnicky_mini_corridor_feature,
          chequers_serial_rivers_room_b, nicolae_concentric_dashed_squares_mild,
          minmay_misc_feat_chi, chequers_serial_rivers_micro_e
D:2:      layout_rooms, serial_bayou, serial_bayou_shore_b,
          serial_bayou_shore_a, serial_bayou_pond_b, serial_bayou_lagoon_a,
          lightli_corner_chamber
D:3:      layout_loops_cross, mainiacjoe_overflow_tiny_flanked,
          palyth_stone_intersect, minmay_misc_feat_five
D:4:      layout_basic, hangedman_ru_absence
D:5:      layout_loops_cross
D:6:      layout_gridville, lemuel_coloured_pillars_altar,
          minmay_temple_entry_mist, kennysheep_crisscross, minmay_crystal_room,
          minmay_misc_feat_cross, minmay_misc_feat_secret_circle, uniq_menkaure
D:7:      layout_basic, serial_shops, nicolae_stop_n_shop_1,
          grunt_decor_arrowhead, kennysheep_generic_room_8
D:8:      layout_basic
D:9:      layout_roguey, lair_entry_dummy, nicolae_transporter_circle,
          uniq_erolcha
D:10:     layout_basic, xom_teletrap_fun
D:11:     layout_stronghold
D:12:     layout_cave_pods, orc_0_dummy, uniq_urug
Temple:   eino_narrow_crystal_temple

Skill      XL: |  1  2  3  4  5  6  7  8  9 10 |
---------------+-------------------------------+-----
Axes           | 2 3 4 5 7 8 10 11 | 11.9
Invocations    | 2 4 6 |  6.9
Throwing       | 1 3 4 |  4.5
Armour         | 3 4 5 |  5.4
Evocations     | 1 3 4 |  4.9
Fighting       | 4 6 |  6.0
Shields        | |  2.6

Action                   |  1- 3 |  4- 6 |  7- 9 | 10-12 || total
-------------------------+-------+-------+-------+-------++-------
Melee: War axe           |   110 |   102 |   360 |    22 ||   594
       Unarmed           |       |       |    19 |       ||    19
       Broad axe         |       |       |       |    72 ||    72
Throw: Dart              |       |       |       |     2 ||     2
Invok: Heroism           |       |       |       |     5 ||     5
Evoke: Wand              |       |       |     2 |       ||     2
  Use: Scroll            |       |     5 |     5 |     3 ||    13
       Potion            |       |       |     9 |     2 ||    11
 Stab: Distracted        |       |       |       |     1 ||     1
Armor: Scale mail        |    47 |    39 |   213 |    21 ||   320
       Skin              |       |       |    17 |       ||    17
Dodge: Dodged            |    44 |    47 |   197 |    35 ||   323
Block: Buckler           |    24 |    24 |    95 |    17 ||   160

Table legend: (Time is in decaauts)
 A = Elapsed time spent in this place.
 B = Non-inter-level travel time spent in this place.
 C = Inter-level travel time spent in this place.
 D = Time resting spent in this place.
 E = Time spent auto-exploring this place.
 F = Levels seen in this place.
 G = Mean time per level.
                   A        B        C        D        E       F      G
               +--------+--------+--------+--------+--------+-----+--------+
         Total |  10469 |  10150 |    319 |   2664 |   5729 |  13 |  805.3 |
       Dungeon |  10384 |  10074 |    310 |   2664 |   5664 |  12 |  865.3 |
        Temple |     84 |     76 |      8 |      0 |     65 |   1 |   84.0 |
               +--------+--------+--------+--------+--------+-----+--------+

Top non-repeatable levels by time:
     D:7: 1631 daAuts
     D:9: 1251 daAuts
    D:11: 1138 daAuts
     D:5: 901 daAuts
     D:4: 862 daAuts
     D:8: 852 daAuts
    D:10: 811 daAuts
     D:2: 800 daAuts
     D:3: 714 daAuts
     D:1: 681 daAuts
     D:6: 657 daAuts
  Temple: 84 daAuts
    D:12: 81 daAuts
